 Dungeon Crawl Stone Soup version 0.28.0-43-g3370ac3207 (webtiles) character file.

Game seed: 1543856742344931892

239 unlimited1921 the Magician (level 6, 0/43 HPs)
             Began as a Djinni Fire Elementalist on Mar 7, 2022.
             Engulfed by a cloud of flame (5 damage)
             ... on level 2 of the Dungeon.
             The game lasted 00:09:12 (3895 turns).

unlimited1921 the Magician (DjFE)                   Turns: 3895, Time: 00:09:13

Health: 0/43       AC:  3    Str:  7    XL:     6   Next: 29%
Gold:   101        EV: 12    Int: 18    God:
                   SH:  0    Dex: 14

rFire   + + .      SeeInvis .   c - +4 dagger
rCold   x . .      Faith    .   (no shield)
rNeg    . . .      Spirit   .   a - +0 robe
rPois   ∞          Reflect  .   (no helmet)
rElec   .          Harm     .   g - +0 cloak
rCorr   .          Rampage  .   (no gloves)
Will    .....                   (boots unavailable)
Stlth   ++........              (no amulet)
HPRegen 0.14/turn               k - ring of wizardry
MPRegen 0.00/turn               (no ring)

@: flying
A: sickness immunity, fire resistance 2, cold vulnerability 1, float, innate
caster, HP casting, extra vitality 1
a: no special abilities


You were on level 2 of the Dungeon.
You visited 1 branch of the dungeon, and saw 2 of its levels.

You collected 101 gold pieces.

Inventory:

Hand Weapons
 c - a +4 dagger (weapon)
 f - a +0 hunting sling
Missiles
 e - 43 stones
Armour
 a - a +0 robe (worn)
 g - a +0 cloak (worn)
Jewellery
 d - an amulet of faith
 k - a ring of wizardry (left hand)
Wands
 l - a wand of polymorph (11)
Scrolls
 b - 2 scrolls of enchant armour {unknown}
Potions
 h - a potion of degeneration {unknown}
 i - a potion of heal wounds {unknown}
 j - a potion of magic {unknown}


   Skills:
 * Level 2.0 Fighting
 + Level 2.8 Dodging
 + Level 2.3 Stealth
 + Level 4.2 Spellcasting


You couldn't memorise any spells.
You knew the following spells:

 Your Spells              Type           Power      Damage    Failure   Level
a - Foxfire               Conj/Fire      76%        2x1d7     1%          1
b - Scorch                Fire           38%        2d7       1%          2
c - Conjure Flame         Conj/Fire      19%        6-21      3%          3
d - Inner Flame           Hex/Fire       19%        N/A       3%          3
e - Flame Wave            Conj/Fire      19%        2d6       10%         4
f - Beastly Appendage     Tmut           38%        N/A       1%          1
g - Ensorcelled Hibernat  Hex/Ice        38%        N/A       1%          2
Your spell library was empty.

Dungeon Overview and Level Annotations

Branches:
Dungeon (2/15)

Altars:

Annotations:
D:2 Robin


Innate Abilities, Weirdness & Mutations

You are immune to sickness and miasma.
You are immune to poison.
Your flesh is very heat resistant. (rF++)
You are vulnerable to cold. (rC-)
You float through the air rather than walking.
You learn spells naturally, not from books.
Your magical power is your life essence.
You have superior vitality. (+4 MHP)


Message History

The goblin barely resists.
Casting: Inner Flame (dangerous; 3% risk of failure)
Confirm with . or Enter, or press ? or * to list all spells.
Aiming: Inner Flame (dangerous; 3% risk of failure)
Press: ? - help, Dir - move target, f/p - goblin
Aim: a goblin, wielding a +0 club (chance to affect: 86%)
The goblin is filled with an inner flame.
Robin roars a battlecry!
The goblins go into a battle-frenzy!
Casting: Inner Flame (dangerous; 3% risk of failure)
Confirm with . or Enter, or press ? or * to list all spells.
Aiming: Inner Flame (dangerous; 3% risk of failure)
Press: ? - help, Dir - move target, f - Robin, p - goblin
Aim: Robin, wielding a +2 spectral club, wearing a +0 animal skin and wearing a +0 helmet (chance to affect: 81%) Robin barely resists.
Casting: Inner Flame (dangerous; 3% risk of failure)
Confirm with . or Enter, or press ? or * to list all spells.
Aiming: Inner Flame (dangerous; 3% risk of failure)
Press: ? - help, Dir - move target, f/p - Robin
Aim: Robin, wielding a +2 spectral club, wearing a +0 animal skin and wearing a +0 helmet (chance to affect: 81%) Robin is filled with an inner flame.
Casting: Inner Flame (dangerous; 3% risk of failure)
Confirm with . or Enter, or press ? or * to list all spells.
Flames lash the goblin.
You kill the goblin!
Casting: Scorch (safe; 1% risk of failure)
Confirm with . or Enter, or press ? or * to list all spells.
Flames lash the goblin.
The goblin explodes!
Robin throws the goblin at you! The goblin barely misses you.
The goblin hits you but does no damage.
Casting: Scorch (safe; 1% risk of failure)
Confirm with . or Enter, or press ? or * to list all spells.
Flames lash the goblin.
* * * LOW HITPOINT WARNING * * *
The goblin explodes!
The fiery explosion engulfs you! You resist.
* * * LOW HITPOINT WARNING * * *
You are engulfed in blazing flames.
You resist.
You die...

.......### #.###.......#
.........# #.##........#
.......#.# #.##........#
.#######.# #.##........# .#
#.###......g..>.# .#
#.#...##.##)##### .#
#........##)# .##
####.#.#####.#### ..#
#......##.@§§...# ..#
#.##[#....§§§...# ####.
#.#####.##.#.##.......##......
..[......................#
..#.###.#.##[##......<####
..#.#........##.......#
....#.###.#.#####...###
###.#.##....# ##.##
....#.##....# ###


There were no monsters in sight!

Vanquished Creatures
  Sigmund (D:2)
  Terence (D:2)
  A worm (D:2)
  2 bats
  3 endoplasms
  A giant cockroach (D:1)
  7 goblins
  8 hobgoblins
  8 jackals
  2 kobolds (D:1)
  A quokka (D:1)
  5 ball pythons (D:1)
  2 frilled lizards (D:1)
  10 rats
52 creatures vanquished.

Vanquished Creatures (others)
  75 foxfires
75 creatures vanquished.

Grand Total: 127 creatures vanquished

Notes
Turn   | Place    | Note
-------+----------+-------------------------------------------
     0 | D:1      | unlimited1921 the Djinni Fire Elementalist began the quest
                  | for the Orb.
     0 | D:1      | Reached XP level 1. HP: 15/15 MP: 0/0
   356 | D:1      | Reached XP level 2. HP: 16/21 MP: 0/0
   805 | D:1      | Reached XP level 3. HP: 2/26 MP: 0/0
   805 | D:1      | Learned a level 1 spell: Beastly Appendage
  1121 | D:1      | Found a faded altar of an unknown god.
  1279 | D:1      | Reached skill level 3 in Spellcasting
  2813 | D:2      | Noticed Sigmund
  2817 | D:2      | Killed Sigmund
  2818 | D:2      | Reached skill level 1 in Fighting
  2818 | D:2      | Reached skill level 4 in Spellcasting
  2818 | D:2      | Reached XP level 4. HP: 21/33 MP: 0/0
  2818 | D:2      | Reached XP level 5. HP: 24/38 MP: 0/0
  2818 | D:2      | Learned a level 2 spell: Ensorcelled Hibernation
  2818 | D:2      | Reached XP level 6. HP: 27/43 MP: 0/0
  3391 | D:2      | Noticed Terence
  3407 | D:2      | Killed Terence
  3885 | D:2      | Noticed Robin
  3895 | D:2      | Engulfed by a cloud of flame

Illustrated notes

Levels and vault maps discovered:
D:1:      scummos_arrival_hexagon, layout_basic,
          hellmonk_ecumenical_altar_arch_garden, serial_bayou_pond_d,
          minmay_rat_gold_closets
D:2:      layout_loops_cross, uniq_robin, uniq_sigmund, uniq_terence

Skill      XL: |  1  2  3  4  5  6 |
---------------+-------------------+-----
Spellcasting   | 4 |  4.2
Fighting       | 1 2 |  2.0
Stealth        | 2 |  2.3
Dodging        | |  2.8

Action                   |  1- 3 |  4- 6 || total
-------------------------+-------+-------++-------
Melee: Dagger            |       |     7 ||     7
 Cast: Foxfire           |    39 |     9 ||    48
       Scorch            |    17 |    12 ||    29
       Inner Flame       |     1 |     9 ||    10
       Ensorcelled Hiber |       |     7 ||     7
 Stab: Sleeping          |       |     1 ||     1
Armor: Robe              |     4 |     2 ||     6
Dodge: Dodged            |    21 |     5 ||    26
